 Dungeon Crawl Stone Soup version 0.17-a0-1701-gf693a3f (console) character file.

205 Monkaria the Scratcher (level 5, -5/24 HPs)
             Began as a Felid Chaos Knight on Aug 21, 2015.
             Slain by an ogre
             ... wielding a +0 giant club
              (29 damage)
             ... on level 4 of the Dungeon.
             The game lasted 00:07:01 (3478 turns).

Monkaria the Scratcher (Felid Chaos Knight)         Turns: 3478, Time: 00:07:01

Health: -5/24      AC:  6    Str: 11    XL:     5   Next: 52%
Magic:  6/6        EV: 19    Int: 13    God:    Xom [..*...]
Gold:   443        SH:  2    Dex: 19    Spells: 0 memorised, 4 levels left
                                        Lives:  0   Deaths: 1

rFire  . . .     SeeInvis +       - Unarmed
rCold  . . .     Clarity  .     (armour unavailable)
rNeg   . . .     SustAt   .     (shield unavailable)
rPois  .         Gourm    .     (helmet unavailable)
rElec  .         Spirit   .     (cloak unavailable)
rCorr  .         Warding  .     (gloves unavailable)
rMut   .         Stasis   .     (boots unavailable)
MR     +....                    t - amulet of rage
Stlth  ++++......               (no ring)
                                o - +3 ring of dexterity

@: quick, somewhat resistant to hostile enchantments, stealthy
A: no armour, no weapons or thrown items, claws 1, fangs 3, large bone plates 1,
rugged brown scales 1, thin metallic scales 1, see invisible, carnivore 3,
deterioration 1, speed 1, magic resistance 1, shaggy fur 1, slow metabolism 1,
spit poison 1, strong 1, sharp paws
a: Spit Poison, Renounce Religion, Evoke Berserk Rage


You were on level 4 of the Dungeon.
You worshipped Xom.
You were a toy of Xom.
You were not hungry.

You visited 1 branch of the dungeon, and saw 4 of its levels.
You also visited: Ossuary.

You collected 443 gold pieces.

Inventory:

Jewellery
 o - a +3 ring of dexterity (left paw)
 t - an amulet of rage (around neck)
Magical devices
 e - a wand of confusion (19)
 r - a wand of invisibility (5)
Scrolls
 b - 2 scrolls of fear
 c - a scroll of immolation
 d - 3 scrolls of teleportation {unknown}
 f - 9 scrolls of remove curse
 i - a scroll of fog
 p - a scroll of magic mapping
 q - a scroll of random uselessness {unknown}
 v - 2 scrolls of noise {unknown}
 w - 2 scrolls of identify
 y - a scroll of recharging
Potions
 g - a potion of cancellation
 h - 2 potions of flight
 k - 3 potions of lignification
 l - 3 potions of brilliance
 m - a potion of curing
 n - 3 potions of ambrosia
 x - 2 potions of heal wounds {unknown}
 z - a potion of invisibility {unknown}
 A - a potion of poison {unknown}
Books
 s - a book of Clouds

   Spells                             Type                      Level
   a - Mephitic Cloud                 Conjuration/Poison/Air       3
   b - Conjure Flame                  Conjuration/Fire             3
   c - Poisonous Cloud                Conjuration/Poison/Air       6
   d - Freezing Cloud                 Conjuration/Ice/Air          6
   e - Ring of Flames                 Charms/Fire                  7
 u - a book of Geomancy

   Spells                             Type                      Level
   a - Sandblast                      Earth                        1
   b - Stoneskin                      Transmutation/Earth          2
   c - Passwall                       Transmutation/Earth          3
   d - Stone Arrow                    Conjuration/Earth            3
   e - Petrify                        Transmutation/Earth          4
   f - Lee's Rapid Deconstruction     Earth                        5
Comestibles
 a - a meat ration
 j - a slice of pizza


   Skills:
 - Level 3.0 Fighting
 - Level 3.2 Dodging
 + Level 4.0 Stealth
 - Level 6.2 Unarmed Combat


You had 4 spell levels left.
You didn't know any spells.

Dungeon Overview and Level Annotations

Branches:
Dungeon (4/15)
 Temple: D:4-7

Altars:
Ashenzari
Elyvilon
Ru
The Shining One


Innate Abilities, Weirdness & Mutations

You cannot wear armour.
You are incapable of wielding weapons or throwing items.
You have sharp claws.
You have razor-sharp teeth.
You have supernaturally acute eyesight.
You are carnivorous and can eat meat at any time.
You cover ground quickly.
You are covered in fur (AC +1).
You have a slow metabolism.
Your sharp claws are effective at attacking unaware monsters.
You are partially covered in large bone plates (AC +2, SH +2).
You are partially covered in rugged brown scales (AC +1, +3% HP).
You are partially covered in thin metallic scales (AC +2).
Your body sometimes deteriorates upon taking damage.
You are resistant to hostile enchantments.
You can spit weak poison.
Your muscles are strong. (Str +2)


Message History

Xom alters the dungeon around you.
Several doors burst open, and another door slams shut!
You are now a toy of Xom.
You now have 443 gold pieces (gained 8).
There is an open door here.
f - 8 scrolls of remove curse (gained 3)
f - 9 scrolls of remove curse (gained 1) As you open the door, it creaks loudly!
An ogre comes into view. It is wielding a giant club.
The ogre shouts!
You barely miss the ogre. You claw the ogre!
The ogre is moderately wounded.
The ogre misses you.
A giant cockroach comes into view.
You barely miss the ogre. You claw the ogre, but do no damage.
The ogre is moderately wounded.
The ogre hits you with a giant club!!
Ouch! That really hurt!
You die...
Xom giggles madly!

*,,,,+,,,,,,,.........,,,,..
*,,,,*,,,,,,,.........,,,,..
*S,,,*,,,,,,,.........,,,...
*,,,,**###+####......####'##
*,,,,**,......#......#.....#
*,,s,**,,s....#......#.....'
*,,,,,,,,,...,+......'.....#
*,,,,######O###......#...###
*,,,,#.....@.........#...#..
*,,,,#...............#...'..
*,,,,#...............#...#..
*,,,,#...............'...#..
*,,,,+...............###+#..
*,,,,#.....................#
****+*#.....................#
*,,,,,....###+####+###......+
*,,,,,....*,,,*,,,,,,+......#


You could see an ogre and a giant cockroach.

Vanquished Creatures
  A crimson imp (D:3)
  Terence (D:2)
  A worker ant (D:4)
  8 mummies (Ossuary)
  3 gnolls (D:4)
  An adder (D:2)
  3 worms
  8 giant geckos
  3 orcs (D:3)
  8 bats
  5 giant cockroaches
  7 goblins
  4 hobgoblins
  8 jackals
  A quokka (D:2)
  3 giant newts
  A gnoll zombie (Ossuary)
  3 kobolds (D:2)
  2 kobold zombies (Ossuary)
  5 orc zombies (Ossuary)
  5 rats
81 creatures vanquished.

Notes
Turn   | Place    | Note
--------------------------------------------------------------
     0 | D:1      | Monkaria the Felid Chaos Knight began the quest for the Orb.
     0 | D:1      | Reached XP level 1. HP: 10/10 MP: 2/2
   156 | D:1      | XOM: harmless Summ miscast
   436 | D:1      | Reached XP level 2. HP: 11/14 MP: 3/3
   668 | D:1      | XOM: give mutation
   668 | D:1      | Gained mutation: Your body sometimes deteriorates upon taking damage. [Xom's mischief]
   699 | D:1      | XOM: god gift: scroll labeled ZEJUINIBRU
   723 | D:1      | XOM: colour smoke trail
   771 | D:1      | XOM: god gift: 12 gold pieces
   904 | D:1      | XOM: harmless Trmt miscast
   967 | D:2      | Found a sacrificial altar of Ru.
   973 | D:2      | Reached skill level 4 in Unarmed Combat
  1040 | D:2      | Noticed Terence
  1074 | D:2      | Killed Terence
  1074 | D:2      | Reached XP level 3. HP: 8/17 MP: 4/4
  1092 | D:2      | XOM: give mutations
  1092 | D:2      | Gained mutation: You are partially covered in rugged brown scales (AC +1, +3% HP). [Xom's grace]
  1092 | D:2      | Gained mutation: You are partially covered in thin metallic scales (AC +2). [Xom's grace]
  1092 | D:2      | Gained mutation: You are partially covered in large bone plates (AC +2, SH +2). [Xom's grace]
  1307 | D:2      | XOM: divination: magic mapping
  1325 | D:2      | Found a white marble altar of Elyvilon.
  1356 | D:2      | Found a shattered altar of Ashenzari.
  1466 | D:2      | Found a glowing golden altar of the Shining One.
  1490 | D:2      | Reached skill level 5 in Unarmed Combat
  1490 | D:2      | Reached XP level 4. HP: 18/21 MP: 5/5
  1961 | D:3      | Found a faded altar to an unknown god.
  2246 | D:3      | Reached XP level 5. HP: 24/24 MP: 6/6
  2309 | D:4      | Noticed a phantom
  2344 | D:4      | XOM: enchant monster (good)
  2347 | D:4      | XOM: potion effect (berserk rage)
  2384 | D:4      | Found a sand-covered staircase.
  2386 | D:4      | XOM: destruction
  2387 | D:4      | XOM: divination: detect creatures
  2393 | D:4      | XOM: snakes to sticks
  2394 | D:4      | XOM: god gift: scroll of fog
  2403 | D:4      | Reached skill level 6 in Unarmed Combat
  2407 | D:4      | XOM: summons friendly crimson imp
  2419 | D:4      | Slain by a phantom
  2420 | D:4      | Reached XP level 4. HP: 0/21 MP: 5/5
  2470 | Ossuary  | Entered an ossuary
  2509 | Ossuary  | Reached skill level 1 in Stealth
  2526 | Ossuary  | XOM: medium Ice miscast
  2537 | Ossuary  | XOM: give mutations
  2537 | Ossuary  | Gained mutation: You are resistant to hostile enchantments. [Xom's grace]
  2537 | Ossuary  | Gained mutation: You can spit weak poison. [Xom's grace]
  2537 | Ossuary  | Gained mutation: Your muscles are strong. (Str +2) [Xom's grace]
  2566 | Ossuary  | XOM: cast spell 'Summon Butterflies'
  2588 | Ossuary  | Reached XP level 5. HP: 16/24 MP: 6/6
  2678 | Ossuary  | XOM: god gift: scroll labeled DOITWA FYSHY
  3002 | Ossuary  | XOM: fake destruction
  3458 | D:4      | XOM: scenery: 5 doors open, 1 doors close
  3474 | D:4      | Noticed an ogre
  3478 | D:4      | Slain by an ogre

Vault maps used:
D:1:      kilobyte_arrival_exit_the_forest, hangedman_decor_growths
D:2:      old_standard_altar, old_standard_altar, lemuel_round_altar,
          serial_park_tiny_2, tso_altar, uniq_terence
D:3:      ecumenical_altar_1, dk_noncrumbling_4
D:4:      enter_ossuary_1, first_bread
Ossuary:  ossuary_tomb_3

Action                   |  1- 3 |  4- 6 || total
-------------------------+-------+-------++-------
Melee: Unarmed           |    92 |   142 ||   234
Evoke: Wand              |       |    29 ||    29
  Use: Potion            |     1 |       ||     1
       Scroll            |       |    12 ||    12
 Stab: Sleeping          |     6 |     6 ||    12
       Distracted        |     1 |     1 ||     2
       Confused          |       |     4 ||     4
  Eat: Chunk             |     8 |     2 ||    10
